 Dungeon Crawl Stone Soup version 0.32-a0-460-gc8eefc90e7 (webtiles) character file.

Game seed: 8234989449966112065

47 Kenran the Trooper (level 3, 0/30 HPs)
             Began as a Minotaur Hedge Wizard on Feb 24, 2024.
             Succumbed to an adder's poison
             ... on level 1 of the Dungeon.
             The game lasted 00:01:58 (1285 turns).

Kenran the Trooper (Minotaur Hedge Wizard)          Turns: 1285, Time: 00:01:59

Health: 0/30       AC:  3    Str: 14    XL:     3   Next: 48%
Magic:  5/5        EV: 12    Int: 11    God:
Gold:   60         SH:  0    Dex: 11    Spells: 5/6 levels left

rFire   . . .        h - +0 shortbow
rCold   . . .        (shield currently unavailable)
rNeg    . . .        b - +0 robe
rPois   .            c - +0 hat
rElec   .            (no cloak)
rCorr   .            f - +0 pair of gloves
SInv    .            (no boots)
Will    .....        (no amulet)
Stlth   ++           (no ring)
HPRegen 0.25/turn    (no ring)
MPRegen 0.09/turn

%: no passive effects
@: lethally poisoned (0 -> -1)
A: horns 2, retaliatory headbutt
a: no special abilities


You were on level 1 of the Dungeon.
You visited 1 branch of the dungeon, and saw 2 of its levels.

You collected 60 gold pieces.

Inventory:

Hand Weapons
 a - a +0 dagger
 h - a +0 shortbow (weapon)
Armour
 b - a +0 robe (worn)
 c - a +0 hat (worn)
 f - a +0 pair of gloves (worn)
Jewellery
 e - a ring of ice
Scrolls
 i - a scroll of butterflies
Potions
 d - a potion of magic
 g - a potion of mutation {!q}
 k - a potion of curing {unknown}


   Skills:
 + Level 2.6 Fighting
 * Level 2.3 Ranged Weapons
 - Level 2.1 Dodging
 - Level 1.5 Stealth
 - Level 2.1 Spellcasting
 - Level 0.6 Conjurations
 - Level 0.6 Summonings
 - Level 0.6 Translocations


You had 5 spell levels left.
You knew the following spells:

 Your Spells              Type           Power      Damage    Failure   Level
a - Magic Dart            Conj           8%         1d3       22%         1

Your spell library contained the following spells:

 Spells                   Type           Power      Damage    Failure   Level
 Slow                     Hex            4%         N/A       28%         1
 Blink                    Tloc           4%         N/A       34%         2
 Call Imp                 Summ           4%         N/A       34%         2
 Cigotuvi's Dreadful Rot  Necr/Alch/Air  2%         N/A       41%         2
 Mephitic Cloud           Conj/Alch/Air  1%         N/A       63%         3


Dungeon Overview and Level Annotations

Branches:
Dungeon (2/15)

Altars:

Shops:
D:1 :   D:2 :

Annotations:
D:2 Terence


Innate Abilities, Weirdness & Mutations

You have a pair of horns on your head.
You reflexively headbutt those who attack you in melee.


Message History

There is a stone staircase leading up here.
You shoot an arrow. The arrow hits the bat.
You kill the bat!
No target in view!
Found Ijaazosk's Book Emporium.
Terence the Incautious comes into view.
He is wielding a +0 trident.
You see here 3 gold pieces.
You shoot an arrow. The arrow hits Terence.
Terence shouts!
Terence is lightly wounded.
You hear an angry hiss. x2
You shoot an arrow. The arrow barely misses Terence.
A hobgoblin comes into view.
An adder comes into view.
You shoot an arrow. The arrow barely misses Terence.
The hobgoblin shouts!
You hear a shout!
You shoot an arrow. The arrow completely misses Terence.
You hear an angry hiss.
Terence barely misses you.
An adder comes into view.
Terence barely misses you.
Found a scroll labelled RAVVIC INGEU.
Terence looks scornfully at you.
A goblin comes into view. It is wielding a +2 dagger of draining.
The goblin shouts!
The adder bites you.
You are poisoned.
The adder poisons you!
Terence hits you from afar with a +0 trident!
You feel sick. The adder barely misses you.
Terence hits you from afar with a +0 trident!
* * * LOW HITPOINT WARNING * * *
The adder barely misses you.
There is a stone staircase leading up here.
You feel sick. The adder bites you.
* * * LOW HITPOINT WARNING * * *
The adder closely misses you.
Terence hits you from afar with a +0 trident.
* * * LOW HITPOINT WARNING * * *
You climb upwards.
You die...

# #.'###'####..».####.#.##..##.≣
####.###..........'..........##.≣
..............#...####.#.##.###..
.......#..######..# ##...##.# ###
######.#.'#...##..# #..####.#####
....÷....#.....#..# #..##.......#
..####.⌠.#.....#..###...+........
#.####.#.#.....#S......##.......#
.........'#...##@....#.##.......#
..######.#######S....#.##.......#
..######.#######.....#....#.#####
.....................'....#.#
..###+###'######..####...÷#.# ###
##...#######..## #....#.#
≈####.....#........###....#.#####
...##..<..##......÷.)'....'......
§#..#.....##.......###....#######


You could see 2 adders.

Vanquished Creatures
  A gnoll (D:1)
  3 endoplasms (D:1)
  4 goblins (D:1)
  5 hobgoblins (D:1)
  8 jackals (D:1)
  5 ball pythons (D:1)
  2 bats
  A frilled lizard (D:1)
  3 kobolds (D:1)
  A rat (D:1)
33 creatures vanquished.

Notes
Turn   | Place    | Note
-------+----------+-------------------------------------------
     0 | D:1      | Kenran the Minotaur Hedge Wizard began the quest for the
                  | Orb.
     0 | D:1      | Reached XP level 1. HP: 14/14 MP: 2/2
    50 | D:1      | Reached skill level 1 in Fighting
   267 | D:1      | Reached XP level 2. HP: 21/24 MP: 4/4
   350 | D:1      | Noticed a walking frostbound tome
   352 | D:1      | Found Belitu Jarul's Book Boutique.
   360 | D:1      | Reached skill level 1 in Ranged Weapons
   364 | D:1      | Noticed a walking earthen tome
   423 | D:1      | Reached XP level 3. HP: 19/30 MP: 5/5
  1271 | D:2      | Found Ijaazosk's Book Emporium.
  1272 | D:2      | Noticed Terence
  1285 | D:1      | Succumbed to an adder's poison

Illustrated notes

Levels and vault maps discovered:
D:1:      noname_arrival_rooms_in_the_neighbourhood, layout_basic, serial_shops,
          nicolae_shop_mannequins, roderic_lattice_a,
          amcnicky_mini_rare_corridor_liquid
D:2:      layout_rooms, serial_shops, shop, uniq_terence, uniq_robin

Skill      XL: |  1  2  3 |
---------------+----------+-----
Fighting       | 1 2 |  2.6
Ranged Weapons | 1 2 |  2.3
Dodging        | |  2.1
Stealth        | |  1.5
Spellcasting   | |  2.1
Conjurations   | |  0.6
Summonings     | |  0.6
Translocations | |  0.6

Action                     || total
---------------------------++-------
  Melee: Dagger            ||    29
         Headbutt          ||     2
   Fire: Shortbow          ||    64
    Use: Scroll            ||     2
 Armour: Robe              ||    43
  Dodge: Dodged            ||    44

Table legend: (Time is in decaauts)
 A = Elapsed time spent in this place.
 B = Non-inter-level travel time spent in this place.
 C = Inter-level travel time spent in this place.
 D = Time resting spent in this place.
 E = Time spent auto-exploring this place.
 F = Levels seen in this place.
 G = Mean time per level.
                   A        B        C        D        E       F      G
               +--------+--------+--------+--------+--------+-----+--------+
         Total |   1304 |   1282 |     22 |    225 |    787 |   2 |  652.0 |
       Dungeon |   1304 |   1282 |     22 |    225 |    787 |   2 |  652.0 |
               +--------+--------+--------+--------+--------+-----+--------+

Top non-repeatable levels by time:
     D:1: 1286 daAuts
     D:2: 17 daAuts
